 Dungeon Crawl Stone Soup version 0.18-a0-1539-g1c7284a (webtiles) character file.

247 Kidiri the Magician (level 5, -7/28 HPs)
             Began as a Deep Elf Fire Elementalist on Mar 9, 2016.
             Mangled by namelastname112's ghost (11 damage)
             ... on level 4 of the Dungeon.
             The game lasted 00:13:53 (4905 turns).

Kidiri the Magician (Deep Elf Fire Elementalist)    Turns: 4905, Time: 00:13:53

Health: -7/28      AC:  4    Str: 10    XL:     5   Next: 85%
Magic:  1/14       EV: 13    Int: 21    God:
Gold:   160        SH:  0    Dex: 15    Spells: 5 memorised, 1 level left

rFire  . . .     SeeInvis .     l - +5 dagger (drain)
rCold  . . .     Gourm    .     a - +0 robe
rNeg   . . .     Faith    .     (no shield)
rPois  +         Spirit   .     c - +0 helmet
rElec  .         Dismiss  .     (no cloak)
rCorr  .         Reflect  .     o - +0 pair of gloves
SustAt .         Harm     .     (no boots)
MR     .....                    (no amulet)
Stlth  ++........               (no ring)
                                e - ring of poison resistance

@: mighty, very slightly contaminated, drained, not resistant to hostile
enchantments, unstealthy
A: no striking features
a: no special abilities


You were on level 4 of the Dungeon.
You were not hungry.

You visited 1 branch of the dungeon, and saw 4 of its levels.

You collected 160 gold pieces.

Inventory:

Hand Weapons
 l - a +5 dagger of draining (weapon)
Missiles
 h - a throwing net (quivered)
Armour
 a - a +0 robe (worn)
 c - a +0 helmet (worn)
 o - a +0 pair of gloves (worn)
Jewellery
 e - a ring of poison resistance (left hand)
Scrolls
 f - a scroll of magic mapping
 j - a scroll of teleportation
 k - 2 scrolls of amnesia {unknown}
 s - a scroll of fear {unknown}
Potions
 d - 2 potions of brilliance
 g - a potion of degeneration {unknown}
 p - a potion of might
 q - a potion of flight {unknown}
 t - a potion of agility {unknown}
Books
 b - a book of Flames

   Spells                             Type                      Level
   a - Flame Tongue                   Conjuration/Fire             1
   b - Throw Flame                    Conjuration/Fire             2
   c - Conjure Flame                  Conjuration/Fire             3
   d - Inner Flame                    Hexes/Fire                   3
   e - Sticky Flame                   Conjuration/Fire             4
   f - Fireball                       Conjuration/Fire             5
 r - a book of Power

   Spells                             Type                      Level
   a - Fulminant Prism                Conjuration/Hexes            4
   b - Iskenderun's Mystic Blast      Conjuration                  4
   c - Venom Bolt                     Conjuration/Poison           5
   d - Bolt of Magma                  Conjuration/Fire/Earth       5
   e - Iron Shot                      Conjuration/Earth            6
   f - Orb of Destruction             Conjuration                  7
   g - Spellforged Servitor           Conjuration/Summoning        7
Comestibles
 i - a chunk of flesh
 m - 2 bread rations
 n - 8 fruits


   Skills:
 + Level 3.4(2.9) Dodging
 + Level 3.7(3.2) Stealth
 * Level 5.1(4.6) Spellcasting
 + Level 2.6(2.1) Conjurations
 + Level 2.4(1.9) Hexes
 + Level 4.0(3.5) Fire Magic


You had one spell level left.
You knew the following spells:

 Your Spells              Type           Power        Failure   Level  Hunger
a - Flame Tongue          Conj/Fire      ###..        3%          1    None
b - Throw Flame           Conj/Fire      ###...       6%          2    #......
c - Conjure Flame         Conj/Fire      ###.....     12%         3    ##.....
d - Inner Flame           Hex/Fire       ###.....     14%         3    ##.....
e - Sticky Flame          Conj/Fire      ###.....     34%         4    ####...


Dungeon Overview and Level Annotations

Branches:
Dungeon (4/15)
 Temple: D:4-7

Altars:
Gozag

Annotations:
D:4 namelastname112's ghost, novice DrMo


Message History

Namelastname112's ghost breathes negative energy at you.
The bolt of negative energy misses you.
Casting: Flame Tongue
Confirm with . or Enter, or press ? or * to list all spells.
Aiming: Flame Tongue
Press: ? - help, Shift-Dir - straight line, f/p - namelastname112's ghost
Aim: namelastname112's ghost (lightly damaged, catching its breath)
The flame tongue hits namelastname112's ghost.
Namelastname112's ghost is moderately damaged.
Namelastname112's ghost hits you!
Namelastname112's ghost breathes negative energy at you.
The bolt of negative energy hits you!
You feel drained.
Ouch! That really hurt!
* * * LOW HITPOINT WARNING * * *
Unknown command.
Drink which item? (? for menu, Esc to quit)
It was a potion of might.
You feel very mighty all of a sudden. Namelastname112's ghost hits you!
You die...

#.# ###....#.####### ...
..####.#....# # #...
#.#....####.# # ....
#.#.##..###.#### #####.
#.#.###......... #...#.
#.#.###.###.....
#.#.#.###.#..#..###.....
###.#.##W#.....#.....#.###
#...#.##.@...#.#.....#.#).
#.###.##.#...#.#.....#.#..
#...#........#.#.....<.###
###...##.#.#.#.#.....#....
######.....#.#####.#....
###.#.#.... #.#.### #.#.##
#.#.#.. #.### #...#..
#.#.###


You could see namelastname112's ghost.

Vanquished Creatures
  A centaur skeleton (D:4)
  Ijyb (D:2)
  An orc wizard (D:3)
  4 adders
  An ooze (D:2)
  A worm (D:3)
  A dart slug (D:1)
  5 giant geckos
  13 orcs
  2 giant cockroaches (D:1)
  19 goblins
  11 hobgoblins
  6 jackals
  8 kobolds
  3 quokkas
  10 bats
  7 giant newts (D:2)
  11 rats
105 creatures vanquished.

Notes
Turn   | Place    | Note
--------------------------------------------------------------
     0 | D:1      | Kidiri the Deep Elf Fire Elementalist began the quest for the Orb.
     0 | D:1      | Reached XP level 1. HP: 10/10 MP: 6/6
   274 | D:1      | Reached XP level 2. HP: 15/15 MP: 8/8
   278 | D:1      | Learned a level 2 spell: Throw Flame
  1314 | D:2      | Reached XP level 3. HP: 19/19 MP: 10/10
  1323 | D:2      | Learned a level 3 spell: Conjure Flame
  1327 | D:2      | Learned a level 3 spell: Inner Flame
  1743 | D:2      | Noticed Ijyb
  2154 | D:2      | Reached skill level 4 in Spellcasting
  2233 | D:2      | Reached skill level 1 in Hexes
  2579 | D:2      | Reached XP level 4. HP: 20/24 MP: 10/12
  2987 | D:2      | Killed Ijyb
  3250 | D:3      | Found an opulent altar of Gozag.
  3451 | D:3      | Reached XP level 5. HP: 28/28 MP: 13/13
  3460 | D:3      | Learned a level 4 spell: Sticky Flame
  4384 | D:4      | Reached skill level 5 in Spellcasting
  4870 | D:4      | Noticed namelastname112's ghost (novice DrMo)
  4905 | D:4      | Mangled by namelastname112's ghost

Vault maps used:
D:1:      kilobyte_arrival_exit_the_forest
D:2:      kennysheep_the_goblin_king, minmay_lizard_king, uniq_iyjb
D:3:      first_bread, grunt_gozag_statues
D:4:      corexii_shack_village, serial_co_window_serial,
          co_window_of_opportunity_a, co_window_paths_b, co_window_paths_a,
          co_window_of_opportunity_a, co_window_of_opportunity_a,
          co_window_paths_a, co_window_of_opportunity_a,
          co_window_of_opportunity_a, co_window_corner_a,
          co_window_of_opportunity_b, co_window_broadway_c,
          co_window_broadway_a, co_window_corner_b, co_window_paths_d,
          glass_columns_a, glass_columns_c, glass_columns_b, glass_columns_b,
          glass_columns_c

Skill      XL: |  1  2  3  4  5 |
---------------+----------------+-----
Spellcasting   | 4 5 |  5.1
Hexes          | 1 2 |  2.4
Stealth        | 3 |  3.7
Conjurations   | 2 |  2.6
Dodging        | 3 |  3.4
Fire Magic     | 4 |  4.0

Action                   |  1- 3 |  4- 6 || total
-------------------------+-------+-------++-------
Melee: Dagger            |    25 |    39 ||    64
 Cast: Flame Tongue      |    62 |    56 ||   118
       Throw Flame       |     6 |    15 ||    21
       Conjure Flame     |     2 |     3 ||     5
       Inner Flame       |       |     3 ||     3
       Sticky Flame      |       |     2 ||     2
  Use: Scroll            |       |     6 ||     6
       Potion            |       |     1 ||     1
 Stab: Sleeping          |     7 |     7 ||    14
  Eat: Chunk             |     3 |     6 ||     9
       Bread ration      |     1 |       ||     1
